Map: [ESL] Amphion

Players

Harstem

  • Race: Protoss Protoss
  • Spawn Location: 11:00

HeroMarine - Winner!

  • Race: Terran Terran
  • Spawn Location: 7:00

Event: ESL SC2 Masters 2024 Spring (Regional)

VOD

Have the link to the VOD?

Description

Time

  • Played on: May 4, 2024, 9:44 a.m.
  • Length: 8:58

All games in this series

Show
View Real Time Build Order
Export as new Build Order

Harstem Protoss 

Build Orders: 1 Gate Expand, Phoenix Opening 

Get SALT Encoding   

  12  0:00  Probe  
  13  0:12  Probe  
  14  0:18  Pylon  
  14  0:24  Probe (Chrono Boost)  
  15  0:36  Probe (Chrono Boost)  
  15  0:37  Gateway  
  16  0:45  Probe (Chrono Boost)  
  16  0:46  Assimilator  
  17  0:51  Probe  
  18  1:03  Probe  
  19  1:19  Nexus  
  19  1:29  Cybernetics Core  
  19  1:33  Probe  
  19  1:37  Assimilator  
  20  1:45  Probe  
  21  1:48  Pylon  
  21  1:57  Probe  
  22  2:03  Adept (Chrono Boost)  
  24  2:09  Probe  
  24  2:15  Stargate  
  25  2:21  Probe  
  26  2:23  Adept (Chrono Boost)  
  26  2:28  Warp Gate  
  28  2:32  Probe (Chrono Boost)  
  30  2:39  Probe (Chrono Boost)  
  30  2:43  Probe (Chrono Boost)  
  31  2:48  Probe x2 (Chrono Boost)  
  31  2:50  Stalker  
  35  2:58  Probe x2  
  36  3:04  Phoenix  
  39  3:11  Probe  
  41  3:12  Probe  
  41  3:23  Pylon, Probe  
  41  3:24  Probe  
  43  3:29  Phoenix (Chrono Boost)  
  43  3:31  Gateway  
  45  3:36  Probe  
  46  3:41  Probe  
  46  3:45  Phoenix (Chrono Boost)  
  46  3:48  Probe  
  50  3:54  Probe  
  51  4:00  Pylon, Probe  
  52  4:04  Sentry  
  54  4:18  Probe x2  
  54  4:20  Phoenix (Chrono Boost)  
  54  4:23  Nexus  
  58  4:24  Pylon  
  58  4:30  Probe x2  
  58  4:32  Twilight Council  
  58  4:36  Assimilator  
  58  4:37  Zealot  
  60  4:42  Zealot, Probe x2  
  60  4:45  Shield Battery  
  64  4:46  Phoenix  
  66  4:54  Probe x2  
  66  4:58  Forge  
  68  5:00  Zealot  
  70  5:13  Shield Battery  
  70  5:26  Pylon  
  70  5:28  Pylon  
  70  5:30  Protoss Ground Armor Level 1, Gateway  
  70  5:34  Phoenix  
  70  5:35  Probe x3 (Chrono Boost)  
  75  5:36  Zealot, Sentry  
  77  5:45  Probe (Chrono Boost)  
  77  5:46  Probe x2 (Chrono Boost)  
  78  5:50  Probe x3 (Chrono Boost)  
  79  5:58  Phoenix (Chrono Boost)  
  79  6:01  Probe x3  
  84  6:04  Charge (Chrono Boost)  
  84  6:06  Zealot, Sentry  
  88  6:13  Gateway x2  
  88  6:14  Gateway  
  88  6:16  Assimilator  
  91  6:19  Pylon  
  91  6:21  Gateway  
  91  6:22  Phoenix (Chrono Boost), Gateway  
  90  6:27  Zealot x2  
  94  6:33  Probe  
  94  6:35  Robotics Facility  
  93  6:40  Zealot  
  93  6:44  Probe  
  93  6:45  Probe  
  97  6:47  Probe  
  97  6:48  Shield Battery  
  97  6:51  Zealot x2  
  97  6:53  Phoenix  
  104  6:59  Pylon  
  104  7:00  Pylon x2  
  104  7:03  Sentry  
  104  7:10  Stalker x3  
  104  7:14  Zealot x2  
  88  7:24  Zealot x2  
  88  7:29  Probe  
  85  7:31  Probe  
  85  7:32  Warp Prism (Chrono Boost)  
  85  7:33  Zealot  
  90  7:38  Robotics Bay  
  90  7:42  Nexus  
  90  7:43  Sentry  
  90  7:44  Zealot  
  92  7:47  Zealot  
  92  7:50  Pylon, Probe  
  95  7:52  Probe  
  97  7:59  Zealot x3, Sentry  
  97  8:03  Photon Cannon, Probe  
  105  8:09  Zealot x2, Sentry  
  105  8:12  Phoenix  
  109  8:13  Probe  
  106  8:22  Zealot x3  
  106  8:23  Zealot  
  102  8:27  Probe  
  102  8:32  Zealot  
  111  8:37  Zealot x2  
  109  8:49  Zealot x5  
  109  8:52  Zealot  
Show
View Real Time Build Order
Export as new Build Order

HeroMarine Terran - Winner!

Build Orders: Reaper Expand 

Get SALT Encoding   

  12  0:00  SCV  
  13  0:12  SCV  
  14  0:18  Supply Depot  
  14  0:24  SCV  
  15  0:39  SCV  
  15  0:42  Barracks  
  16  0:45  Refinery  
  16  0:51  SCV  
  17  1:03  SCV  
  18  1:16  SCV  
  19  1:29  Orbital Command, Reaper  
  20  1:40  Command Center  
  20  1:47  Supply Depot  
  20  1:54  SCV  
  20  2:01  Barracks Reactor  
  21  2:06  SCV  
  22  2:19  SCV  
  22  2:22  Command Center  
  23  2:31  SCV  
  23  2:37  Marine x2  
  23  2:41  Barracks  
  23  2:43  SCV  
  26  2:55  SCV, Marine x2  
  26  2:57  Orbital Command  
  29  3:07  SCV  
  29  3:10  Barracks  
  29  3:12  Marine  
  30  3:16  Marine  
  30  3:19  SCV  
  32  3:22  SCV  
  33  3:30  Marine  
  33  3:31  SCV, Barracks Tech Lab  
  35  3:34  SCV, Marine  
  35  3:35  Orbital Command  
  37  3:43  SCV  
  37  3:46  SCV  
  37  3:48  Marine  
  39  3:50  Stimpack, Marine  
  39  3:52  Marine  
  42  3:55  SCV  
  42  3:57  Barracks Tech Lab  
  42  3:59  SCV  
  42  4:01  SCV  
  45  4:06  Marine  
  45  4:07  SCV  
  45  4:08  Engineering Bay, Marine  
  45  4:09  Marine  
  48  4:11  SCV  
  48  4:13  SCV  
  48  4:16  Refinery  
  48  4:17  Combat Shield, Marine  
  51  4:18  Supply Depot  
  51  4:20  SCV  
  51  4:23  SCV  
  51  4:24  Marine  
  54  4:25  SCV  
  54  4:26  Marine  
  54  4:27  Marine  
  57  4:32  SCV  
  57  4:35  SCV, Marine  
  57  4:36  Supply Depot  
  57  4:37  SCV, Terran Infantry Weapons Level 1  
  61  4:41  Marine, Missile Turret  
  61  4:43  Marine  
  61  4:45  Marine, Missile Turret  
  63  4:49  Factory  
  64  4:53  SCV, Missile Turret, Marine  
  64  4:54  SCV  
  64  4:55  SCV  
  64  4:59  Marine  
  69  5:01  Marine  
  69  5:03  Marine  
  69  5:05  SCV  
  69  5:06  SCV  
  73  5:08  SCV, Refinery  
  73  5:11  Refinery, Marine  
  74  5:17  SCV, Marine  
  74  5:18  SCV  
  74  5:19  Marine  
  74  5:21  Marine  
  76  5:24  SCV  
  77  5:34  Barracks, Marine  
  77  5:35  Factory Reactor, Marine  
  79  5:36  SCV x2, Barracks  
  79  5:37  Starport, Marine  
  79  5:38  SCV  
  79  5:39  Marine  
  84  5:48  SCV  
  84  5:49  SCV  
  73  5:52  SCV, Marauder  
  73  5:53  Marine  
  73  5:55  Marauder  
  73  5:56  Marine  
  76  6:00  SCV  
  76  6:01  SCV  
  76  6:03  Orbital Command  
  76  6:06  Concussive Shells  
  76  6:10  Marine  
  76  6:13  Marauder  
  76  6:14  Marine  
  76  6:17  Bunker  
  81  6:19  Marauder  
  81  6:20  Medivac x2  
  81  6:21  Factory Reactor  
  81  6:23  Barracks Reactor  
  85  6:25  Barracks Tech Lab  
  85  6:26  Supply Depot x2  
  85  6:29  Supply Depot  
  85  6:34  SCV x3  
  85  6:35  Marauder  
  88  6:40  Marine x2, Marauder  
  88  6:46  SCV  
  93  6:47  Terran Infantry Armor Level 1  
  93  6:48  SCV, Marauder  
  93  6:50  Supply Depot  
  93  6:52  Medivac  
  93  6:53  Medivac  
  101  6:56  Marauder  
  101  6:57  Supply Depot  
  101  6:58  Marine  
  101  7:00  Widow Mine x2  
  107  7:01  Marauder  
  107  7:03  Marine  
  107  7:05  Marine x2  
  112  7:09  Marine  
  112  7:14  SCV x2  
  113  7:16  Marine  
  113  7:18  Marauder  
  113  7:21  Marine  
  107  7:23  Marauder, Marine  
  107  7:24  Marine  
  107  7:27  Medivac  
  107  7:28  Widow Mine x2, Marauder  
  111  7:34  Marine  
  111  7:36  Medivac  
  108  7:37  SCV x2, Refinery x2, Ghost Academy  
  108  7:38  SCV  
  108  7:39  Marauder, Marine  
  108  7:40  Marine  
  108  7:43  Marine  
  115  7:47  Marine  
  115  7:48  Marine  
  115  7:49  Widow Mine, Supply Depot  
  115  7:50  Widow Mine, Supply Depot  
  121  7:51  SCV  
  121  7:52  Marine  
  121  7:54  Armory  
  121  7:56  Marine  
  121  7:57  SCV  
  121  7:58  SCV, Engineering Bay  
  125  8:00  Marine  
  125  8:01  Marine  
  125  8:03  SCV  
  125  8:04  Missile Turret  
  129  8:06  Marine  
  129  8:08  Marine  
  129  8:09  Marine  
  132  8:13  Supply Depot  
  132  8:15  Supply Depot  
  129  8:22  Widow Mine x2, Medivac x2  
  129  8:25  Marine, Marauder  
  136  8:27  Marauder, Marine x2  
  136  8:29  Marine  
  136  8:32  Marauder  
  141  8:44  SCV x3  
Tags
 
Add a new tag
Caveats
  • Supply blocks, unpowered buildings, or Contaminate may cause inaccurate times.
  • Supply counts are checked every 10 seconds.